 Dungeon Crawl Stone Soup version 0.26.1-2-gb8aa6d0cf2 (webtiles) character file.

Game seed: 8008345255743384709

200897 Gadfly the Champion of Chaos (level 18, -3/158 HPs)
             Began as a Demonspawn Monk on Feb 9, 2021.
             Was the Champion of Makhleb.
             Killed from afar by a balrug (19 damage)
             ... with a bolt of fire
             ... summoned by the player character
             ... on level 4 of the Shoals.
             The game lasted 01:27:26 (43733 turns).

Gadfly the Champion of Chaos (Demonspawn Monk)     Turns: 43733, Time: 01:27:26

Health: -3/158     AC: 23    Str: 29    XL:     18   Next: 28%
Magic:  0/30       EV: 11    Int:  6    God:    Makhleb [******]
Gold:   2399       SH:  0    Dex: 16    Spells: 10/17 levels left

rFire    . . .     SeeInvis +   b - +2 war axe (elec)
rCold    + . .     Faith    .   (no shield)
rNeg     + . .     Spirit   +   Q - +0 chain mail {rN+}
rPois    +         Reflect  .   (helmet unavailable)
rElec    .         Harm     .   N - +2 cloak {rC+}
rCorr    .         Rampage  .   D - +0 pair of gloves
Will     +++..                  L - +1 pair of boots {run}
Stlth    ..........             V - amulet of regeneration
HPRegen  0.76/turn              O - ring "Uppugo" {rPois Will+ Str+3 Int-5}
MPRegen  0.44/turn              p - ring of Mistrust {Will+ Str+5 Dex+3}

@: about to teleport, studying Invocations, quick
A: antennae 3, icy blue scales 2, clumsy 1, demonic guardian 3, robust 1, magic
shield, magic regeneration, magic link
a: Renounce Religion, Minor Destruction, Lesser Servant of Makhleb, Major
Destruction, Greater Servant of Makhleb


You were on level 4 of the Shoals.
You worshipped Makhleb.
Makhleb was exalted by your worship.
You visited 4 branches of the dungeon, and saw 27 of its levels.
You also visited: Sewer, Gauntlet, Ice Cave and Volcano.

You collected 4644 gold pieces.
You spent 2245 gold pieces at shops.

Inventory:

Hand Weapons
 a - a +1 battleaxe of flaming
 b - a +2 war axe of electrocution (weapon)
 s - a cursed +3 battleaxe
 U - a +2 battleaxe of freezing
Armour
 f - the +2 pair of boots of Eternal Vigilance {rPois rC++ Will+ Dex-2}
   (You found it on level 2 of the Shoals)

   It affects your dexterity (-2).
   It greatly protects you from cold.
   It protects you from poison.
   It affects your willpower, your defense against some magical effects.
 D - a +0 pair of gloves (worn)
 E - a +3 chain mail of fire resistance
 L - a +1 pair of boots of running (worn)
 M - the +8 chain mail "Boeluo" {Slay+2}
   (You found it on level 11 of the Dungeon)

   It affects your accuracy and damage with ranged weapons and melee attacks
   (+2).
 N - a +2 cloak of cold resistance (worn)
 Q - a +0 chain mail of positive energy (worn)
 S - +0 ice dragon scales
 Y - a scarf of resistance
Jewellery
 o - the ring of Exea {rElec rF+ Str+3 Int-3 Dex+4}
   (You acquired it on level 2 of the Lair of Beasts)

   [ring of protection from fire]

   It affects your strength (+3).
   It affects your intelligence (-3).
   It affects your dexterity (+4).
   It protects you from fire.
   It insulates you from electricity.
 p - the ring of Mistrust (right hand) {Will+ Str+5 Dex+3}
   (You took it off an orc on level 4 of the Dungeon)

   [ring of willpower]

   It affects your strength (+5).
   It affects your dexterity (+3).
   It affects your willpower, your defense against some magical effects.
 C - an uncursed ring of protection from fire
 F - the ring "Ixemp" {AC+4 Str+4 Stlth+}
   (You acquired it on level 2 of the Orcish Mines)

   [ring of protection]

   It affects your AC (+4).
   It affects your strength (+4).
   It makes you more stealthy.
 O - the ring "Uppugo" (left hand) {rPois Will+ Str+3 Int-5}
   (You found it on level 6 of the Lair of Beasts)

   [ring of poison resistance]

   It affects your strength (+3).
   It affects your intelligence (-5).
   It protects you from poison.
   It affects your willpower, your defense against some magical effects.
 V - an amulet of regeneration (around neck)
Wands
 e - a wand of enslavement (6)
 g - a wand of paralysis (5)
 u - a wand of iceblast (40)
 z - a wand of acid (28)
 G - a wand of disintegration (29)
Scrolls
 c - 5 scrolls of enchant armour
 i - 9 scrolls of teleportation
 j - 2 scrolls of magic mapping
 q - 5 scrolls of fog
 v - 18 scrolls of remove curse
 x - 8 scrolls of enchant weapon
 H - 3 scrolls of fear
 P - a scroll of blinking
 W - 4 scrolls of identify
Potions
 d - 9 potions of might
 h - 5 potions of heal wounds
 k - 15 potions of curing
 m - 8 potions of haste
 n - 5 potions of berserk rage
 r - 5 potions of cancellation
 t - 2 potions of ambrosia
 w - a potion of flight
 B - 5 potions of attraction
 I - a potion of mutation
 J - 3 potions of resistance
Books
 y - a manual of Invocations
Miscellaneous
 l - a phial of floods
 A - a box of beasts
 K - a condenser vane
 R - a lightning rod (4/4)
 T - a tin of tremorstones (2/2)


   Skills:
 + Level 13.5 Fighting
 * Level 15.5 Axes
 + Level 13.7 Armour
 - Level 2.6 Dodging
 - Level 1.7 Stealth
 + Level 17.3 Invocations
 + Level 14.1 Evocations


You had 10 spell levels left.
You knew the following spells:

 Your Spells              Type           Power        Failure   Level
a - Wereblood             Tmut           0%           95%         2
b - Blink                 Tloc           N/A          95%         2
c - Conjure Flame         Conj/Fire      0%           99%         3

Your spell library contained the following spells:

 Spells                   Type           Power        Failure   Level
 Apportation              Tloc           0%           87%         1
 Beastly Appendage        Tmut           0%           87%         1
 Corona                   Hex            0%           87%         1
 Freeze                   Ice            0%           87%         1
 Magic Dart               Conj           0%           87%         1
 Sandblast                Erth           0%           87%         1
 Call Imp                 Summ           0%           95%         2
 Ensorcelled Hibernation  Hex/Ice        0%           95%         2
 Passwall                 Tmut/Erth      0%           95%         2
 Slow                     Hex            0%           95%         2
 Confusing Touch          Hex            0%           99%         3
 Dazzling Flash           Conj/Hex       0%           99%         3
 Frozen Ramparts          Ice            0%           99%         3
 Ignite Poison            Fire/Tmut/Pois 0%           99%         3
 Lesser Beckoning         Tloc           0%           99%         3
 Mephitic Cloud           Conj/Pois/Air  0%           99%         3
 Ozocubu's Armour         Ice            0%           99%         3
 Spider Form              Tmut/Pois      0%           99%         3
 Stone Arrow              Conj/Erth      0%           99%         3
 Tukima's Dance           Hex            0%           99%         3
 Hailstorm                Conj/Ice       0%           100%        4
 Ice Form                 Ice/Tmut       0%           100%        4
 Leda's Liquefaction      Hex/Erth       0%           100%        4
 Petrify                  Tmut/Erth      0%           100%        4
 Summon Ice Beast         Ice/Summ       0%           100%        4
 Summon Lightning Spire   Summ/Air       0%           100%        4
 Alistair's Intoxication  Tmut/Pois      0%           100%        5
 Blade Hands              Tmut           0%           100%        5
 Bolt of Magma            Conj/Fire/Erth 0%           100%        5
 Fireball                 Conj/Fire      0%           100%        5
 Lee's Rapid Deconstruct  Erth           0%           100%        5
 Silence                  Hex/Air        0%           100%        5
 Conjure Ball Lightning   Conj/Air       0%           100%        6
 Invisibility             Hex            0%           100%        6
 Iron Shot                Conj/Erth      0%           100%        6
 Starburst                Conj/Fire      0%           100%        6
 Statue Form              Tmut/Erth      0%           100%        6
 Ignition                 Fire           0%           100%        8
 Shatter                  Erth           0%           100%        9
 Tornado                  Air            0%           100%        9


Dungeon Overview and Level Annotations

Branches:
Dungeon (15/15)            Temple (0/1) D:5            Lair (6/6) D:8
 Shoals (4/4) Lair:3        Snake (0/4) Lair:4        Slime (0/5) Lair:5
    Orc (2/2) D:10            Elf (0/3) Orc:2        Vaults (0/5) D:14
 Depths (0/5) D:15          Sewer (visited)           IceCv (visited)
Volcano (visited)         Gauntlet (visited)

Altars:
Cheibriados
Dithmenos
Elyvilon
Fedhas
Gozag
Kikubaaqudgha
Makhleb
Nemelex Xobeh
Ru
Sif Muna
Vehumet
Wu Jian
Xom
Yredelemnul
The Shining One
Beogh
Jiyva

Shops:
D:6 *   Orc:2 =**[   Shoals:3 [

Annotations:
D:11 2 transporters


Innate Abilities, Weirdness & Mutations

You have a pair of large antennae on your head. (SInv)
You are mostly covered in icy blue scales. (AC +3)
A powerful demonic guardian rushes to your aid.
When hurt, damage is shared between your health and your magic reserves.
You regenerate magic rapidly.
When low on magic, you restore magic in place of health.
You are clumsy. (Dex -2)
You are robust. (+10% HP)


Message History

Your lorocyproca misses the merfolk impaler.
You feel much better.
You are covered in liquid flames!
* * * LOW HITPOINT WARNING * * *
Your lorocyproca hits the merfolk impaler.
The sea snake bites your lorocyproca but does no damage.
You are covered in liquid flames!
* * * LOW HITPOINT WARNING * * *
Your lorocyproca hits the sea snake!
As you read the scroll of teleportation, it crumbles to dust.
You feel strangely unstable.
You are covered in liquid flames!
* * * LOW HITPOINT WARNING * * *
Your lorocyproca hits the sea snake.
You are covered in liquid flames!
* * * LOW HITPOINT WARNING * * *
The merfolk impaler hits you but does no damage.
The balrug gestures at you. The bolt of fire hits you!!
You die...

≈##≈≈.........≈≈≈
####≈≈...<≈≈≈≈≈≈≈≈≈≈≈≈≈≈
.≈#≈≈...≈≈≈≈≈≈≈≈≈≈≈≈≈≈
.t≈#≈≈..≈≈≈≈≈≈≈≈≈≈≈≈≈≈≈
#. ##≈≈≈≈≈≈≈≈≈≈≈≈≈≈≈≈≈≈
#≈≈≈≈≈≈≈≈≈.....≈≈≈≈
≈≈≈≈≈≈≈≈≈........≈≈ {
##≈≈≈≈≈≈≈≈.........≈
##≈≈≈≈≈≈≈≈...@.......
####≈≈≈≈≈≈≈≈≈...........
#≈≈≈≈≈≈≈≈≈≈≈≈...........
≈≈≈≈≈≈≈≈≈≈≈≈≈m..######..
.≈≈≈≈≈≈≈≈≈≈≈m§.## .
..≈≈≈≈≈)≈≈S≈§###
..≈≈≈≈≈≈≈≈≈!2## {
.#≈##≈≈≈≈2.≈≈≈#
######≈..$...≈#


You could see a merfolk impaler, a sea snake (wandering), a merfolk and a
friendly lorocyproca (summoned, invisible).

Vanquished Creatures
  Jorgrun (Shoals:1)
  Frances (Shoals:2)
  Roxanne (Shoals:1)
  Louise (Shoals:1)
  2 stone giants
  A red draconian (Volcano)
  A minotaur (Gauntlet)
  5 merfolk javelineers
  The ghost of acdeimund the Thaumaturge, a journeyman HuFE of Ashenzari (Lair:2)
  A death ooze (Gauntlet)
  2 merfolk impalers
  An ogre mage (Orc:2)
  Fannar (D:10)
  Harold (D:8)
  8 hydras
  A boulder beetle (D:11)
  2 alligator snapping turtles (Shoals:3)
  2 merfolk avatars (Shoals:2)
  4 centaur warriors
  8 two-headed ogres
  2 death yaks (Shoals:3)
  3 orc high priests
  Urug (Lair:6)
  4 skeletal warriors (D:12)
  A death drake (Gauntlet)
  A salamander mystic (Volcano)
  11 sea snakes
  3 unseen horrors
  An orange crystal statue (D:13)
  A lindwurm (Lair:6)
  A wolf spider zombie (D:15)
  Pikel (D:5)
  An orc knight (D:14)
  14 harpies
  3 orc sorcerers
  14 manticores
  11 fauns (Shoals:1)
  A deep elf mage (D:14)
  4 ugly things
  An oklob plant (Lair:5)
  5 merfolk sirens
  5 salamanders (Volcano)
  12 cyclopes
  24 elephants
  2 water nymphs
  Maurice (D:11)
  4 black mambas
  Joseph (D:9)
  2 ice statues (IceCv)
  20 cane toads
  A torpor snail (Gauntlet)
  3 kobold demonologists
  12 komodo dragons
  8 rime drakes
  2 efreet
  An ice devil (Gauntlet)
  4 hornets
  8 merfolk
  2 trolls
  17 polar bears (IceCv)
  6 wind drakes
  7 slime creatures
  6 dream sheep
  13 snapping turtles
  19 blink frogs
  2 nagas (Lair:4)
  2 vampires
  A spriggan (D:9)
  3 water elementals
  13 wyverns
  54 yaks
  3 wraiths
  A steam dragon (Lair:4)
  7 fire bats
  5 basilisks
  Grum (D:8)
  4 vampire mosquitoes (D:13)
  2 wargs
  Edmund (D:4)
  3 hell hounds (Gauntlet)
  8 water moccasins
  Duvessa (D:6)
  23 orc warriors
  2 eyes of draining (D:12)
  3 black bears
  4 ice beasts
  3 necrophages
  3 sky beasts
  4 phantoms
  16 wolves
  8 ogres
  16 centaurs
  A lemure (D:5)
  24 bullfrogs
  6 big kobolds
  A wyvern zombie (D:7)
  Dowan (D:6)
  2 wyvern skeletons (D:14)
  3 scorpions
  7 killer bees
  11 wights
  9 jellies
  4 howler monkeys
  4 electric eels
  A troll skeleton (D:8)
  3 quasits
  A crimson imp (D:4)
  A bullfrog zombie (D:9)
  4 centaur zombies
  A hound (shapeshifter) (D:14)
  6 human zombies (D:8)
  29 orc priests
  A bullfrog skeleton (D:11)
  8 hounds
  9 centaur skeletons
  A human skeleton (D:8)
  2 iguanas
  34 orc wizards
  A hell rat (Lair:5)
  10 worker ants
  A killer bee zombie (D:10)
  2 hound skeletons
  A howler monkey zombie (D:5)
  2 worker ant zombies
  8 gnolls
  18 adders
  4 river rats
  2 shadow imps
  9 white imps
  4 ufetubi
  An ooze (D:6)
  3 adder zombies
  An adder skeleton (D:5)
  4 worms (D:2)
  4 leopard geckos
  71 orcs
  6 ball pythons
  4 bats
  9 giant cockroaches
  7 goblins
  7 hobgoblins
  11 jackals
  29 kobolds
  2 quokkas
  4 frilled lizards
  A goblin skeleton (D:4)
  A goblin zombie (D:4)
  2 hobgoblin zombies (D:4)
  A kobold zombie (D:4)
  A leopard gecko zombie (D:8)
  4 orc zombies
  33 rats
  A butterfly (D:7)
945 creatures vanquished.

Vanquished Creatures (collateral kills)
  Polyphemus (Shoals:3)
  Gastronok (D:8)
  A frost giant (IceCv)
  Snorg (Lair:6)
  5 merfolk impalers
  Erolcha (D:9)
  A boulder beetle (Lair:6)
  3 hydras
  A catoblepas (Shoals:3)
  2 merfolk avatars
  An alligator snapping turtle (Shoals:2)
  3 two-headed ogres
  A death yak (Shoals:3)
  A merfolk aquamancer (Shoals:2)
  2 orc high priests (Orc:2)
  A fire crab (Gauntlet)
  4 sea snakes
  An orc knight (Orc:1)
  A wolf spider zombie (Gauntlet)
  4 harpies
  3 oklob plants (Lair:5)
  3 manticores
  2 fauns (Shoals:1)
  3 elephants
  3 slime creatures (D:12)
  A merfolk siren (Shoals:1)
  A water nymph (Shoals:3)
  A cane toad (Lair:6)
  2 spectral centaurs (Gauntlet)
  3 polar bears
  4 merfolk
  A troll (D:11)
  A wind drake (Shoals:1)
  2 dream sheep (Shoals:1)
  A blink frog (Lair:6)
  A snapping turtle (Shoals:2)
  A tarantella (shapeshifter) (D:14)
  A shadow (D:12)
  2 fire bats (Gauntlet)
  A wyvern (D:13)
  3 yaks
  5 orc warriors
  2 ogres
  A wolf (IceCv)
  A centaur (D:13)
  A bullfrog (Lair:5)
  A big kobold (D:15)
  A water moccasin skeleton (D:8)
  A scorpion (D:12)
  An electric eel (D:8)
  2 orc priests
  4 orc wizards
  3 worker ants (D:9)
  An adder (D:8)
  5 orcs
  A quokka (D:11)
106 creatures vanquished.

Vanquished Creatures (others)
  A fire giant (D:15)
  A manticore (Shoals:3)
  A salamander (Volcano)
  A naga (Lair:4)
  43 fungi
  152 plants
  4 withered plants (Gauntlet)
203 creatures vanquished.

Grand Total: 1254 creatures vanquished

Notes
Turn   | Place    | Note
-------+----------+-------------------------------------------
     0 | D:1      | Gadfly the Demonspawn Monk began the quest for the Orb.
     0 | D:1      | Reached XP level 1. HP: 18/18 MP: 1/1
    97 | D:1      | Reached skill level 1 in Invocations
   103 | D:1      | Gained mutation: You have a pair of small antennae on your
                  | head. [demonic ancestry]
   103 | D:1      | Reached XP level 2. HP: 24/24 MP: 2/2
   408 | D:1      | Reached skill level 1 in Evocations
   526 | D:2      | Found a burning altar of Makhleb.
   538 | D:2      | Reached skill level 1 in Armour
   538 | D:2      | Reached skill level 2 in Invocations
   538 | D:2      | Reached XP level 3. HP: 7/29 MP: 4/4
   790 | D:2      | Became a worshipper of Makhleb the Destroyer
   790 | D:2      | Reached * piety under Makhleb
   790 | D:2      | Reached ** piety under Makhleb
  1232 | D:2      | Reached XP level 4. HP: 33/35 MP: 5/5
  1308 | D:2      | Found an opulent altar of Gozag.
  1761 | D:2      | Found a sacrificial altar of Ru.
  2058 | D:3      | Found a snail-covered altar of Cheibriados.
  2364 | D:3      | Reached XP level 5. HP: 25/41 MP: 7/7
  2542 | D:3      | Reached skill level 3 in Invocations
  3211 | D:4      | Identified the ring of Mistrust {Will+ Str+5 Dex+3}
  3221 | D:4      | Gained mutation: You have a pair of antennae on your head.
                  | [demonic ancestry]
  3221 | D:4      | Reached XP level 6. HP: 43/47 MP: 8/8
  3535 | D:4      | Noticed Edmund
  3559 | D:4      | Killed Edmund
  3817 | D:4      | Found a shimmering blue altar of Sif Muna.
  3836 | D:4      | Reached *** piety under Makhleb
  3847 | D:4      | Found a glowing golden altar of the Shining One.
  3895 | D:4      | Reached XP level 7. HP: 52/52 MP: 9/9
  4427 | D:5      | Entered Level 5 of the Dungeon
  4442 | D:5      | Found a sparkling altar of Nemelex Xobeh.
  4463 | D:5      | Found a white marble altar of Elyvilon.
  4469 | D:5      | Noticed Pikel
  4537 | D:5      | Killed Pikel
  4538 | D:5      | Reached skill level 4 in Invocations
  4538 | D:5      | Reached XP level 8. HP: 39/60 MP: 9/11
  5020 | D:5      | Reached skill level 5 in Axes
  5181 | D:5      | Found a staircase to the Ecumenical Temple.
  5237 | D:5      | Reached skill level 5 in Invocations
  5244 | D:5      | Reached **** piety under Makhleb
  5775 | D:6      | Found Qufohu's Assorted Antiques.
  5797 | D:6      | Reached skill level 5 in Evocations
  5803 | D:6      | Bought a scroll labelled MIELIY REUNLUDGH for 30 gold
                  | pieces
  5836 | D:6      | Found a glowing drain.
  5883 | Sewer    | Entered a sewer
  6141 | Sewer    | Reached ***** piety under Makhleb
  6158 | Sewer    | Reached skill level 5 in Armour
  6486 | D:6      | Reached skill level 5 in Fighting
  6486 | D:6      | Gained mutation: You are partially covered in icy blue
                  | scales. (AC +2) [demonic ancestry]
  6486 | D:6      | Reached XP level 9. HP: 19/68 MP: 13/13
  7073 | D:6      | Reached skill level 6 in Invocations
  7292 | D:6      | Noticed Dowan
  7292 | D:6      | Noticed Duvessa
  7309 | D:6      | Killed Duvessa
  7315 | D:6      | Found an ornate altar of the Wu Jian Council.
  7321 | D:6      | Killed Dowan
  7511 | D:6      | Found a shadowy altar of Dithmenos.
  7983 | D:7      | Found a blossoming altar of Fedhas.
  8812 | D:7      | Found a shimmering altar of Xom.
  9477 | D:8      | Found a staircase to the Lair.
  9501 | D:7      | Reached skill level 7 in Invocations
  9644 | D:8      | Gained mutation: When hurt, damage is shared between your
                  | health and your magic reserves. [demonic ancestry]
  9644 | D:8      | Reached XP level 10. HP: 76/76 MP: 15/15
  9792 | D:8      | Found a basalt altar of Yredelemnul.
  9813 | D:8      | Found an ancient bone altar of Kikubaaqudgha.
 10321 | D:8      | Found a basalt altar of Yredelemnul.
 10579 | D:8      | Noticed a two-headed ogre
 10590 | D:8      | Killed a two-headed ogre
 10739 | D:8      | Reached skill level 8 in Invocations
 10848 | D:8      | Noticed Harold
 10878 | D:8      | Killed Harold
 11287 | D:8      | Noticed Gastronok
 11291 | D:8      | Noticed Grum
 11705 | D:8      | Killed Grum
 11771 | D:8      | Found a radiant altar of Vehumet.
 11792 | D:8      | Killed Gastronok
 11793 | D:8      | Gained mutation: You have a pair of large antennae on your
                  | head. (SInv) [demonic ancestry]
 11793 | D:8      | Reached XP level 11. HP: 74/84 MP: 14/17
 11836 | D:8      | Identified a scroll of acquirement
 11837 | D:8      | Acquired 1039 gold pieces
 12001 | D:9      | Noticed Erolcha
 12013 | D:9      | Killed Erolcha
 12181 | D:9      | Noticed Joseph
 12207 | D:9      | Killed Joseph
 12446 | D:9      | Reached skill level 9 in Invocations
 12929 | D:10     | Entered Level 10 of the Dungeon
 13070 | D:10     | Noticed Fannar
 13105 | D:10     | Killed Fannar
 14657 | D:10     | Found a staircase to the Orcish Mines.
 14729 | Lair:1   | Entered Level 1 of the Lair of Beasts
 15694 | Lair:1   | Reached XP level 12. HP: 94/94 MP: 19/19
 15811 | Lair:1   | Reached skill level 10 in Axes
 15964 | Lair:1   | Noticed a five-headed hydra
 15975 | Lair:1   | Killed a one-headed hydra
 16253 | Lair:1   | Reached skill level 10 in Invocations
 16621 | Lair:2   | Noticed a five-headed hydra
 16632 | Lair:2   | Killed a one-headed hydra
 18140 | Lair:2   | Found a runed translucent gate.
 18140 | Lair:2   | Found a runed translucent gate.
 18140 | Lair:2   | Found a runed translucent gate.
 18147 | Lair:2   | Noticed acdeimund's ghost (journeyman HuFE)
 18149 | Lair:2   | Found a viscous altar of Jiyva.
 18876 | Lair:3   | Found a shimmering altar of Xom.
 19943 | Lair:3   | Gained mutation: A weak demonic guardian rushes to your
                  | aid. [demonic ancestry]
 19943 | Lair:3   | Reached XP level 13. HP: 93/103 MP: 15/21
 19957 | Lair:3   | Reached skill level 10 in Evocations
 20669 | Lair:3   | Found a staircase to the Shoals.
 20692 | Lair:3   | HP: 4/103 [snapping turtle (13)]
 21410 | Lair:4   | Reached skill level 10 in Armour
 21443 | Lair:4   | Reached skill level 10 in Fighting
 21511 | Lair:4   | Reached ****** piety under Makhleb
 21571 | Lair:4   | Found a dark tunnel.
 21576 | Volcano  | Entered a volcano
 21783 | Volcano  | Reached skill level 11 in Invocations
 21785 | Volcano  | Found a burning altar of Makhleb.
 21786 | Volcano  | Noticed a red draconian
 21895 | Volcano  | Noticed a cacodemon
 21901 | Volcano  | Gained mutation: Your magical capacity is low. (-10% MP) [a
                  | cacodemon]
 21908 | Volcano  | Gained mutation: Potions are less effective at restoring
                  | your health. [a cacodemon]
 21913 | Volcano  | Killed a red draconian
 21914 | Volcano  | Gained mutation: You are clumsy. (Dex -2) [a cacodemon]
 22000 | Volcano  | Identified a +1 pair of boots of running (You found it in a
                  | volcano)
 22165 | Lair:4   | Found a sacrificial altar of Ru.
 22856 | Lair:4   | Found a staircase to the Snake Pit.
 23492 | D:6      | Bought an embroidered cloak for 225 gold pieces
 23513 | D:6      | Bought a notched wooden ring for 150 gold pieces
 24316 | Lair:5   | Learned a level 2 spell: Wereblood
 24383 | Lair:5   | Found a viscous altar of Jiyva.
 24398 | Lair:5   | Found a staircase to the Slime Pits.
 25021 | Lair:5   | Lost mutation: You are clumsy. (Dex -2) [potion of
                  | mutation]
 25021 | Lair:5   | Lost mutation: Your magical capacity is low. (-10% MP)
                  | [potion of mutation]
 25021 | Lair:5   | Gained mutation: Your mind is acute. (Int +2) [potion of
                  | mutation]
 25021 | Lair:5   | Gained mutation: You are somewhat resistant to further
                  | mutation. [potion of mutation]
 25419 | Lair:5   | Gained mutation: A demonic guardian rushes to your aid.
                  | [demonic ancestry]
 25419 | Lair:5   | Reached XP level 14. HP: 38/111 MP: 10/22
 25628 | Lair:6   | Entered Level 6 of the Lair of Beasts
 25631 | Lair:6   | Got a glittering steel ring
 25633 | Lair:6   | Identified the ring "Uppugo" {rPois Will+ Str+3 Int-5} (You
                  | found it on level 6 of the Lair of Beasts)
 25988 | Lair:6   | Noticed Urug
 26314 | Lair:5   | Reached skill level 12 in Invocations
 26476 | Lair:6   | Killed Urug
 27084 | Lair:6   | Noticed Snorg
 27092 | Lair:6   | Killed Snorg
 27561 | Lair:6   | Lost mutation: You are somewhat resistant to further
                  | mutation. [potion of mutation]
 27561 | Lair:6   | Lost mutation: Your mind is acute. (Int +2) [potion of
                  | mutation]
 27561 | Lair:6   | Gained mutation: Your spells are a little easier to cast,
                  | but a little less powerful. [potion of mutation]
 27561 | Lair:6   | Gained mutation: You are mostly covered in icy blue scales.
                  | (AC +3) [potion of mutation]
 27561 | Lair:6   | Gained mutation: You evolve. [potion of mutation]
 27673 | Lair:6   | Got an iridescent halberd
 27740 | Lair:6   | Identified the +6 halberd "Fidoqepp" {vorpal, Dex+7} (You
                  | found it on level 6 of the Lair of Beasts)
 28258 | Orc:1    | Entered Level 1 of the Orcish Mines
 28680 | Orc:1    | Noticed a stone giant
 28689 | Orc:1    | Killed a stone giant
 28947 | Orc:2    | Entered Level 2 of the Orcish Mines
 29053 | Orc:2    | Found a staircase to the Elven Halls.
 30336 | Orc:2    | Gained mutation: You regenerate magic rapidly. [demonic
                  | ancestry]
 30336 | Orc:2    | Reached XP level 15. HP: 119/119 MP: 24/24
 30342 | Orc:2    | Found Wacimm's Jewellery Shop.
 30342 | Orc:2    | Found Vutiqeku's Assorted Antiques.
 30343 | Orc:2    | Found Rutepp's Antique Armour Boutique.
 30347 | Orc:2    | Found Poagrer's General Store.
 30362 | Orc:2    | Bought a pair of glowing boots for 300 gold pieces
 30385 | Orc:2    | Bought a scroll of identify for 56 gold pieces
 30385 | Orc:2    | Bought a scroll of acquirement for 1456 gold pieces
 30385 | Orc:2    | Bought a scroll labelled ERADAPP QITTOI for 28 gold pieces
 30385 | Orc:2    | Acquired the ring "Ixemp" {AC+4 Str+4 Stlth+}
 30692 | Orc:2    | Gained mutation: You have sharp fingernails. [evolution]
 31402 | D:11     | Found a gate leading to a gauntlet.
 31408 | Gauntlet | Entered a Gauntlet
 31408 | Gauntlet | Found a transporter.
 31417 | Gauntlet | Found a transporter.
 31420 | Gauntlet | Found a transporter.
 31421 | Gauntlet | Found a transporter.
 31428 | Gauntlet | Found a runed translucent door.
 31431 | Gauntlet | Found a transporter.
 31432 | Gauntlet | Found a transporter.
 31433 | Gauntlet | Found a transporter.
 31442 | Gauntlet | Found a transporter.
 31445 | Gauntlet | Found a transporter.
 31446 | Gauntlet | Found a transporter.
 31452 | Gauntlet | Found a runed translucent door.
 31453 | Gauntlet | Found a runed translucent door.
 31454 | Gauntlet | Found a transporter.
 31457 | Gauntlet | Found a transporter.
 31458 | Gauntlet | Found a transporter.
 31466 | Gauntlet | Found a transporter.
 31684 | Gauntlet | Acquired a manual of Invocations
 31737 | Gauntlet | Got a dazzling helmet
 31772 | Gauntlet | Reached skill level 13 in Invocations
 32354 | D:11     | Noticed Maurice
 32362 | D:11     | Killed Maurice
 32371 | D:11     | Lost mutation: You have sharp fingernails. [potion of
                  | mutation]
 32371 | D:11     | Lost mutation: You evolve. [potion of mutation]
 32371 | D:11     | Lost mutation: Potions are less effective at restoring your
                  | health. [potion of mutation]
 32371 | D:11     | Gained mutation: You are clumsy. (Dex -2) [potion of
                  | mutation]
 32371 | D:11     | Lost mutation: Your spells are a little easier to cast, but
                  | a little less powerful. [potion of mutation]
 32371 | D:11     | Gained mutation: You are robust. (+10% HP) [potion of
                  | mutation]
 32466 | D:11     | Found a transporter.
 32554 | D:11     | Got a translucent chain mail
 32565 | D:11     | Identified the +8 chain mail "Boeluo" {Slay+2} (You found
                  | it on level 11 of the Dungeon)
 32837 | D:11     | Found a roughly hewn altar of Beogh.
 32837 | D:11     | Found a transporter.
 33007 | D:12     | Found a frozen archway.
 33028 | IceCv    | Entered an ice cave
 33517 | IceCv    | Noticed a frost giant
 33540 | IceCv    | Killed a frost giant
 34625 | D:12     | Reached skill level 14 in Invocations
 35682 | D:13     | Learned a level 2 spell: Blink
 35686 | D:13     | Learned a level 3 spell: Conjure Flame
 36194 | D:14     | Found a runed translucent door.
 36334 | D:14     | Reached XP level 16. HP: 139/139 MP: 25/27
 36437 | D:14     | Found a gate to the Vaults.
 37338 | D:14     | Found a roughly hewn altar of Beogh.
 37458 | D:14     | Identified the cursed +0 scale mail "Kiprinn" {Dex+2
                  | Stlth+} (You found it on level 14 of the Dungeon)
 37477 | D:15     | Entered Level 15 of the Dungeon
 37498 | D:15     | Found a staircase to the Depths.
 38006 | D:15     | Reached skill level 15 in Invocations
 38058 | D:15     | Found a sparkling altar of Nemelex Xobeh.
 38432 | Shoals:1 | Entered Level 1 of the Shoals
 38540 | Shoals:1 | Noticed Jorgrun
 38573 | Shoals:1 | Killed Jorgrun
 38686 | Lair:2   | Killed acdeimund's ghost
 38744 | Lair:2   | Acquired the ring of Exea {rElec rF+ Str+3 Int-3 Dex+4}
 39190 | Shoals:1 | Noticed Roxanne
 39218 | Shoals:1 | Killed Roxanne
 39296 | Shoals:1 | Noticed Louise
 39315 | Shoals:1 | Killed Louise
 40019 | Shoals:2 | Reached skill level 16 in Invocations
 40027 | Shoals:2 | Noticed Frances
 40063 | Shoals:2 | Killed Frances
 40076 | Shoals:2 | Gained mutation: When low on magic, you restore magic in
                  | place of health. [demonic ancestry]
 40076 | Shoals:2 | Reached XP level 17. HP: 116/149 MP: 27/29
 40311 | Shoals:2 | Reached skill level 15 in Axes
 40366 | Shoals:2 | Got a pair of smoking boots
 40377 | Shoals:2 | Identified the +2 pair of boots of Eternal Vigilance {rPois
                  | rC++ Will+ Dex-2} (You found it on level 2 of the Shoals)
 41890 | Shoals:3 | Gained mutation: A powerful demonic guardian rushes to your
                  | aid. [demonic ancestry]
 41890 | Shoals:3 | Reached XP level 18. HP: 76/157 MP: 16/30
 42703 | Shoals:3 | Reached skill level 17 in Invocations
 42816 | Shoals:3 | Noticed Polyphemus
 42838 | Shoals:3 | Killed Polyphemus
 42969 | Shoals:3 | Found Kostroigg's Armour Boutique.
 43513 | Shoals:4 | Entered Level 4 of the Shoals
 43519 | Shoals:4 | Found the +6 lightning scales {run, rElec}
 43733 | Shoals:4 | Killed from afar by a balrug

Illustrated notes

Levels and vault maps discovered:
D:1:      dpeg_arrival_round_b, layout_basic
D:2:      layout_loops_ring, hangedman_ru_absence, lemuel_round_altar,
          serial_glass, glass_columns_a, glass_columns_a,
          mrwooster_statue_mirror, makhleb_heckhound_becter
D:3:      layout_rooms, general_overflow_altar, serial_co_window_serial,
          co_window_paths_a, co_window_paths_a, co_window_paths_b,
          co_window_of_opportunity_a, co_window_corner_a,
          co_window_of_opportunity_a, co_window_paths_a,
          co_window_of_opportunity_b, co_window_paths_c, co_window_corner_ca,
          co_window_paths_c, co_window_of_opportunity_c, co_window_sun,
          glass_columns_c, glass_columns_a, glass_columns_c
D:4:      layout_loops_ring, overflow_temple_1_default,
          nicolae_tso_besieged_by_evil, uniq_edmund
D:5:      layout_loops_ring, elyvilon_altar_5, lemuel_crystal_altar,
          temple_pool_b, hangedman_abyss_or_decor_passed, uniq_pikel
D:6:      layout_loops_ring, pdpol_wu_jian_five_deadly_venoms, serial_shops,
          nicolae_shop_competitors_out_of_business, portal_sewer_entry_a,
          abandoned_shop, nicolae_dithmenos_through_a_glass_darkly, uniq_duvessa
D:7:      layout_basic, xom_butterflies, fedhas_altar_2
D:8:      layout_basic, lemuel_round_altar, lemuel_crystal_altar,
          lemuel_coloured_pillars_altar, due_lair_maze_entry_diamond,
          serial_ice, serial_ice_b, serial_ice_d, serial_ice_a, serial_ice_j,
          lemuel_mausoleum_altar_yredelemnul, uniq_grum, uniq_gastronok,
          uniq_harold
D:9:      layout_gridville, the_bakery, uniq_joseph, uniq_erolcha
D:10:     layout_irregular_city, david_orc_4, uniq_fannar
D:11:     gammafunk_beogh_shrine, layout_basic, gauntlet_entry_generic,
          uniq_maurice
D:12:     layout_basic, portal_ice_cave_entry_pillars_1
D:13:     layout_basic, hangedman_decor_growths, minivault_16
D:14:     layout_basic, david_vaults_1, lightli_church_of_beogh
D:15:     grunt_enter_depths_giant_problem, layout_gridville,
          nemelex_diamond_rough_becter
Lair:1:   layout_cave_pods, serial_bayou, serial_bayou_ford_a,
          serial_bayou_lagoon_b, serial_bayou_crossing, serial_bayou_lagoon_a
Lair:2:   layout_gridlike, gammafunk_ghost_ooze, wad_woods_river_01
Lair:3:   layout_hall_layers, minmay_shoals_entry_hut, basic_altar,
          chequers_serial_rivers_micro_b
Lair:4:   layout_gridlike, minmay_snake_entry_guardpost_medium, basic_altar,
          enter_volcano_4, st_stairs_12, beast_lair_carwin_4
Lair:5:   layout_cave_pods, slime_altar_1, chequers_serial_rivers_micro_e,
          lemuel_fruit_tree, lemuel_fruit_fields, grunt_megastairs_3,
          minmay_lair_oklob_chamber
Lair:6:   gammafunk_lair_ancient_temple, layout_misc_corridors, uniq_urug,
          uniq_snorg
Shoals:1: layout_shoals, st_sunken_temple, uniq_roxanne, uniq_jorgrun,
          uniq_louise
Shoals:2: cheibrodos_shoals_epimethial_gifts, layout_shoals, uniq_frances
Shoals:3: layout_shoals, serial_shops, shop, nicolae_shoals_mertower,
          uniq_polyphemus
Shoals:4: shoals_end_grunt_ice, layout_shoals, shoals_ilsuiw_alternative,
          gammafunk_ghost_tricky_traps, uniq_aizul
Orc:1:    layout_caves
Orc:2:    st_orc_mages, layout_diamond_mine

Skill      XL: |  1  2  3  4  5  6  7  8  9 10 11 12 13 14 15 16 17 18 |
---------------+-------------------------------------------------------+-----
Invocations    | 1 2 3 4 5 7 8 9 10 11 12 14 16 17 | 17.3
Evocations     | 1 2 3 4 5 6 7 8 9 11 12 13 14 | 14.1
Armour         | 1 2 3 4 5 6 7 8 9 10 11 12 13 | 13.7
Axes           | 3 4 6 7 8 9 10 11 12 13 14 15 | 15.5
Fighting       | 4 5 7 8 9 10 11 12 13 | 13.5
Dodging        | |  2.6
Stealth        | |  1.7

Action                   |  1- 3 |  4- 6 |  7- 9 | 10-12 | 13-15 | 16-18 || total
-------------------------+-------+-------+-------+-------+-------+-------++-------
Melee: Hand axe          |    77 |   141 |   652 |  1167 |   124 |       ||  2161
       War axe           |       |       |     6 |       |   592 |   874 ||  1472
       Battleaxe         |       |       |       |       |   570 |       ||   570
       Glaive            |       |       |       |       |    40 |       ||    40
       Halberd           |       |       |       |       |    16 |       ||    16
Invok: Minor Destruction |       |    41 |    19 |    84 |    28 |    53 ||   225
       Lesser Servant of |       |       |     1 |     7 |     3 |     3 ||    14
       Major Destruction |       |       |       |     6 |     6 |     1 ||    13
       Greater Servant o |       |       |       |       |     3 |     2 ||     5
Evoke: Wand              |       |       |       |    15 |    13 |     2 ||    30
       Lightning rod     |       |       |       |       |       |     1 ||     1
  Use: Scroll            |     6 |     7 |     8 |     8 |    14 |     6 ||    49
       Potion            |     1 |     2 |     2 |     6 |    10 |     8 ||    29
 Stab: Sleeping          |    10 |     4 |       |       |       |       ||    14
       Distracted        |       |     1 |     1 |     2 |    10 |     5 ||    19
       Paralysed         |       |       |       |     7 |       |       ||     7
Armor: Robe              |     8 |       |       |       |       |       ||     8
       Leather armour    |       |     9 |       |       |       |       ||     9
       Ring mail         |       |    38 |       |       |       |       ||    38
       Chain mail        |       |    13 |     4 |   552 |   897 |   537 ||  2003
       Plate armour      |       |       |   440 |   302 |       |       ||   742
       Skin              |       |       |     9 |       |       |       ||     9
       Ice dragon scales |       |       |       |       |   240 |       ||   240
Dodge: Dodged            |    46 |    55 |   249 |   552 |   973 |   366 ||  2241
